 Dungeon Crawl Stone Soup version 0.15-a0-1866-g491fd59 (webtiles) character file.

413 Kenran the Martial Artist (level 6, 0/76 HPs)
             Began as a Minotaur Monk on July 4, 2014.
             Succumbed to a worker ant's poison
             ... on Level 4 of the Dungeon.
             The game lasted 00:09:43 (3725 turns).

Kenran the Martial Artist (Minotaur Monk)           Turns: 3725, Time: 00:09:43

HP   0/76        AC 23     Str 15      XL: 6   Next: 59%
MP   3/3         EV  2     Int  7      God:
Gold 160         SH  0     Dex 15      Spells:  0 memorised,  5 levels left

rFire  . . .     SeeInvis .       - Unarmed
rCold  . . .     Clarity  .     f - melded +0 leather armour
rNeg   + + +     rCorr    .     (no shield)
rPois  +         rRot     .     (helmet restricted)
rElec  .         Spirit   .     (cloak currently unavailable)
SustAb .         Warding  .     t - melded +0 pair of gloves
rMut   .         NoTele   +     (boots currently unavailable)
Gourm  +                        a - amulet of the gourmand
MR     .....                    (no ring)
                                (no ring)

@: lethally poisoned, tree-form, very slightly contaminated, hasted, very quick,
not resistant to hostile enchantments, unstealthy
A: (retaliatory headbutt), (horns 0)
a: no special abilities


You were on level 4 of the Dungeon.
You were not hungry.
You were an animated tree.
You visited 2 branches of the dungeon, and saw 5 of its levels.

You collected 160 gold pieces.

Inventory:

Armour
 f - a +0 leather armour (melded)
 t - a +0 pair of gloves (melded)
Magical devices
 l - a wand of confusion (11)
Comestibles
 b - 4 bread rations
 i - 4 beef jerkies
 p - a royal jelly
 q - a meat ration
 A - 3 fruits
Scrolls
 d - 4 scrolls of identify
 e - a scroll of amnesia
 m - a scroll of random uselessness
 n - 2 scrolls of noise {unknown}
 r - a scroll of recharging {unknown}
 w - a scroll of fog {unknown}
 y - a scroll of remove curse
 B - a scroll of enchant armour {unknown}
Jewellery
 a - an amulet of the gourmand (around neck)
 g - an uncursed ring of protection from cold {unknown}
 h - an uncursed amulet of resist mutation
 x - an uncursed amulet of faith {unknown}
Potions
 s - a potion of agility {unknown}
 v - a potion of invisibility {unknown}
 z - a potion of brilliance {unknown}
Books
 u - a book of the Dragon

   Spells                             Type                      Level
   Flight                             Charms/Air                   3
   Cause Fear                         Hexes                        4
   Bolt of Fire                       Conjuration/Fire             6
   Dragon Form                        Transmutation                7
   Dragon's Call                      Summoning                    9


   Skills:
 - Level 3.6 Fighting
 - Level 3.2 Dodging
 - Level 1.5 Stealth
 + Level 8.8 Unarmed Combat


You had 5 spell levels left.
You didn't know any spells.

Dungeon Overview and Level Annotations

Branches:
Dungeon (4/15)             Temple (1/1) D:4

Altars:
Cheibriados
Fedhas
Kikubaaqudgha
Nemelex Xobeh
Okawaru
Sif Muna
Vehumet
Xom
The Shining One

Annotations:
D:2 exclusion: oklob plant
D:3 WhatIsLove's ghost, average FoFi


Innate Abilities, Weirdness & Mutations

((You reflexively headbutt those who attack you in melee.))*
((You have a pair of horns on your head.))*


Message History

You see here a worker ant corpse.
Drink which item? (? for menu, Esc to quit)
Magic courses through your body.
It was a potion of magic.
* * * LOW HITPOINT WARNING * * *
You feel sick.
Drink which item? (? for menu, Esc to quit)
You feel refreshed.
It was a potion of restore abilities.
* * * LOW HITPOINT WARNING * * *
You feel sick.
Drink which item? (? for menu, Esc to quit)
You feel yourself speed up.
It was a potion of haste.
* * * LOW HITPOINT WARNING * * *
You feel sick.
You are very lightly contaminated with residual magic.
Drink which item? (? for menu, Esc to quit)
You turn into an animated tree.
Your +0 pair of gloves melds into your body.
Your +0 leather armour melds into your body.
Your roots penetrate the ground.
It was a potion of lignification.
You die...

#... ... #..###?#
#..[...# ##......###
........... #
##.###......# #
#........))..(###.###.
##.#.###
#(###.........#
......# #.)..♣....####
. #.#.#.###.#########
.###.#.#.##..#
.........##.#######
....................
.........##.#######
.#.#.#.#>##.#
.#.#.#)#.##.#
.........##..


There were no monsters in sight!

Vanquished Creatures
  A giant frog (D:4)
  2 orc priests
  An orc wizard (D:4)
  4 worker ants (D:4)
  5 adders
  2 gnolls
  3 worms
  2 oozes (D:1)
  12 orcs
  2 ball pythons
  A bat skeleton (D:4)
  3 giant cockroaches (D:1)
  5 goblins
  10 hobgoblins
  6 jackals
  8 bats
  2 giant newts
  6 kobolds
  6 rats
81 creatures vanquished.

Notes
Turn   | Place    | Note
--------------------------------------------------------------
     0 | D:1      | Kenran, the Minotaur Monk, began the quest for the Orb.
     0 | D:1      | Reached XP level 1. HP: 19/19 MP: 1/1
   301 | D:1      | Reached XP level 2. HP: 26/26 MP: 1/1
   330 | D:1      | Reached skill level 5 in Unarmed Combat
   590 | D:1      | Reached XP level 3. HP: 29/31 MP: 2/2
  1028 | D:2      | Reached skill level 6 in Unarmed Combat
  1153 | D:2      | Reached XP level 4. HP: 37/39 MP: 2/2
  1248 | D:2      | Found a blossoming altar of Fedhas.
  1266 | D:2      | Noticed an oklob plant
  1906 | D:3      | Noticed WhatIsLove's ghost (average FoFi)
  1907 | D:3      | Reached XP level 5. HP: 45/45 MP: 2/2
  1910 | D:3      | Reached skill level 7 in Unarmed Combat
  1948 | D:3      | HP: 2/45 [WhatIsLove's ghost (8)]
  2401 | D:4      | Reached skill level 8 in Unarmed Combat
  2401 | D:4      | Reached XP level 6. HP: 4/51 MP: 3/3
  3126 | D:3      | Found a deep blue altar of Sif Muna.
  3278 | D:4      | Found a staircase to the Ecumenical Temple.
  3284 | Temple   | Entered the Ecumenical Temple
  3723 | D:4      | HP: 2/51 [poisoned by a worker ant]
  3725 | D:4      | Succumbed to a worker ant's poison

Action                   |  1- 3 |  4- 6 || total
-------------------------+-------+-------++-------
Melee: Unarmed           |    69 |   151 ||   220
Evoke: Wand              |       |     1 ||     1
  Use: Scroll            |     6 |       ||     6
       Potion            |       |     6 ||     6
 Stab: Sleeping          |     1 |     1 ||     2
